 Dungeon Crawl Stone Soup version 0.21.1-1-g345015f (webtiles) character file.

10278 shakethe the Severer (level 11, -3/104 HPs)
             Began as a Hill Orc Gladiator on Feb 26, 2018.
             Was an Elder of Okawaru.
             Slain by Baghtru's ghost (16 damage)
             ... on level 11 of the Dungeon.
             The game lasted 00:23:44 (9511 turns).

shakethe the Severer (Hill Orc Gladiator)           Turns: 9511, Time: 00:23:46

Health: -3/104     AC:  7    Str: 18    XL:     11   Next: 59%
Magic:  7/12       EV: 17    Int: 13    God:    Okawaru [****..]
Gold:   525        SH:  7    Dex: 18    Spells: 10/10 levels left

rFire    . . .     SeeInvis .   D - +6 hand axe "Killer Bee's Foe" {drain, Dex+6}
rCold    . . .     Gourm    .   E - +0 buckler
rNeg     . . .     Faith    .   K - +0 troll leather armour {regen}
rPois    .         Spirit   .   c - +0 helmet
rElec    .         Reflect  .   u - +0 cloak
rCorr    .         Harm     .   (no gloves)
MR       +....                  (no boots)
Stlth    +++.......             e - amulet of regeneration {+regen, !d}
HPRegen  1.07/turn              h - ring of protection from magic {MR+, !d}
MPRegen  0.13/turn              J - +2 ring of intelligence

@: heroism, hasted, drained, very quick
A: no striking features
a: Heroism, Renounce Religion


You were on level 11 of the Dungeon.
You worshipped Okawaru.
Okawaru was greatly pleased with you.
You were not hungry.

You visited 2 branches of the dungeon, and saw 12 of its levels.

You collected 525 gold pieces.

Inventory:

Hand Weapons
 a - a +0 war axe
 D - the +6 hand axe "Killer Bee's Foe" (weapon) {drain, Dex+6}
   (You found it on level 5 of the Dungeon)

   A truly terrible weapon, it drains the life of those it strikes.
   It affects your dexterity (+6).
Missiles
 d - 2 throwing nets {=f, !d}
Armour
 b - a +0 leather armour
 c - a +0 helmet (worn)
 u - a +0 cloak (worn)
   (You found it on level 3 of the Dungeon)
 E - a +0 buckler (worn)
   (You found it on level 5 of the Dungeon)
 K - a +0 troll leather armour (worn) {regen}
   (You found it on level 9 of the Dungeon)
Jewellery
 e - an amulet of regeneration (around neck) {+regen, !d}
   (You found it on level 1 of the Dungeon)
 h - a ring of protection from magic (left hand) {MR+, !d}
   (You found it on level 1 of the Dungeon)
 r - an uncursed ring of wizardry {Wiz+, !d}
   (You found it on level 6 of the Dungeon)
 A - a cursed amulet of inaccuracy {unknown}
   (You found it on level 4 of the Dungeon)
 C - a +2 amulet of reflection {unknown}
   (You found it on level 5 of the Dungeon)
 J - a +2 ring of intelligence (right hand)
   (You found it on level 7 of the Dungeon)
 M - the amulet of Doalesar {+Rage rF+ Dex+4}
   (You found it on level 8 of the Dungeon)

   [amulet of rage]

   It affects your dexterity (+4).
   It protects you from fire.
   It lets you go berserk.
Wands
 s - a wand of disintegration (17)
   (You found it on level 8 of the Dungeon)
 x - a wand of digging (19)
   (You took it off Eustachio on level 4 of the Dungeon)
 y - a wand of enslavement (5)
   (You took it off Ijyb on level 4 of the Dungeon)
 z - a wand of paralysis (21)
   (You found it on level 4 of the Dungeon)
 G - a wand of polymorph (27)
   (You found it on level 6 of the Dungeon)
 O - a wand of acid (5)
   (You found it on level 10 of the Dungeon)
 P - a wand of flame (37)
   (You found it on level 8 of the Dungeon)
Scrolls
 g - 2 scrolls of magic mapping {unknown}
 j - a scroll of acquirement {unknown}
 k - 2 scrolls of enchant weapon {unknown}
 l - 2 scrolls of teleportation {unknown}
 n - 5 scrolls of remove curse {unknown}
 q - 3 scrolls of immolation {unknown}
 F - a scroll of summoning {unknown}
 H - 2 scrolls of amnesia {unknown}
 L - 2 scrolls of identify
 Q - a scroll of fear {unknown}
 R - a scroll of random uselessness {unknown}
 S - a scroll of blinking {unknown}
Potions
 m - a potion of ambrosia
 o - a potion of agility
 p - a potion of degeneration {unknown}
 t - 3 potions of brilliance
 v - a potion of invisibility {unknown}
 w - 2 potions of magic {unknown}
 B - 3 potions of flight {unknown}
 I - 3 potions of curing {unknown}
 T - 2 potions of might
Comestibles
 f - 5 rations


   Skills:
 + Level 11.8(16.0) Fighting
 * Level 17.2(21.2) Axes
 - Level 1.7(6.1) Throwing
 + Level 3.5(7.8) Dodging
 - Level 4.0(8.3) Shields
 + Level 2.6(2.0) Invocations


You had 10 spell levels left.
You didn't know any spells.

Dungeon Overview and Level Annotations

Branches:
Dungeon (11/15)            Temple (1/1) D:7            Lair (0/6) D:10
    Orc: D:9-12

Altars:
Ashenzari
Dithmenos
Elyvilon
Fedhas
Hepliaklqana
Kikubaaqudgha
Makhleb
Nemelex Xobeh
Okawaru
Ru
Sif Muna
Trog
Uskayaw
Vehumet
Wu Jian
Xom
Yredelemnul

Shops:
D:7 :

Annotations:
D:10 exclusion: ice statue
D:11 Baghtru's ghost, journeyman HOFi


Message History

Okawaru will gift you equipment as you gain piety.
The troll leather armour is intact enough to wear.
You slash the wight!
You destroy the wight!
Okawaru accepts your kill.
You regained 2 hp, and now have 34/103 hp.
You block the wight's attack. x2
Things that are here:
a great sword; a robe; a hound corpse You barely miss the wight.
You closely miss the wight. You hit the wight. x2
You hit the wight. x2; The wight hits you but does no damage.
You hit the wight. You closely miss the wight. You block the wight's attack.
You slash the wight!
You destroy the wight!
Okawaru accepts your kill.
You hit the wight. You hit the wight. You slash the wight!
You destroy the wight!
Okawaru accepts your kill.
Things that are here:
a +0 troll leather armour {regen}; a troll corpse Your hands slow down.
You feel like a meek peon again.
You start resting.
Baghtru's ghost (journeyman Hill Orc Fighter) comes into view.
You regained 5 hp, and now have 48/103 hp.
You start resting.
Baghtru's ghost turns its malevolent gaze towards you.
Baghtru's ghost is nearby!
You gain the combat prowess of a mighty hero.
You now have 6/12 mp.
Unknown command.
You hit Baghtru's ghost but do no damage.
Baghtru's ghost completely misses you.
You completely miss Baghtru's ghost. Baghtru's ghost hits you!
You take 7 damage, and have 50/103 hp.
You hit Baghtru's ghost. You slash Baghtru's ghost!
Baghtru's ghost hits you but does no damage.
You hit Baghtru's ghost but do no damage.
You hit Baghtru's ghost but do no damage.
Baghtru's ghost hits you but does no damage.
You hit Baghtru's ghost. You block Baghtru's ghost's attack.
You hit Baghtru's ghost. You slash Baghtru's ghost!
You block Baghtru's ghost's attack.
You slash Baghtru's ghost! You slash Baghtru's ghost!
You block Baghtru's ghost's attack.
You hit Baghtru's ghost but do no damage.
Baghtru's ghost wails.
You block Baghtru's ghost's attack.
You slash Baghtru's ghost!
You hit Baghtru's ghost but do no damage.
Baghtru's ghost hits you.
You take 5 damage, and have 52/103 hp.
You hit Baghtru's ghost.
You hit Baghtru's ghost but do no damage.
Baghtru's ghost hits you!!
You take 21 damage, and have 32/103 hp.
MASSIVE DAMAGE!!
You hit Baghtru's ghost but do no damage.
Baghtru's ghost hits you.
* * * LOW HITPOINT WARNING * * *
You take 2 damage, and have 30/103 hp.
You hit Baghtru's ghost. You slash Baghtru's ghost! Baghtru's ghost hits you!
* * * LOW HITPOINT WARNING * * *
You take 12 damage, and have 19/103 hp.
Unknown command.
You slash Baghtru's ghost!
You hit Baghtru's ghost but do no damage.
Baghtru's ghost hits you!!
* * * LOW HITPOINT WARNING * * *
You take 19 damage, and have 1/103 hp.
You feel much better.
You feel like a meek peon again. Baghtru's ghost closely misses you.
You regained 22 hp, and now have 23/104 hp.
You barely miss Baghtru's ghost. You block Baghtru's ghost's attack.
You hit Baghtru's ghost but do no damage.
You hit Baghtru's ghost but do no damage.
Baghtru's ghost hits you!
* * * LOW HITPOINT WARNING * * *
You take 9 damage, and have 15/104 hp.
You gain the combat prowess of a mighty hero.
You can no longer speed up your combat.
Okawaru will no longer gift you equipment.
Baghtru's ghost closely misses you.
A worker ant comes into view.
You now have 6/12 mp.
You barely miss Baghtru's ghost. Baghtru's ghost hits you.
* * * LOW HITPOINT WARNING * * *
You take 4 damage, and have 12/104 hp.
You barely miss Baghtru's ghost. You completely miss Baghtru's ghost.
Baghtru's ghost hits you.
* * * LOW HITPOINT WARNING * * *
You take 1 damage, and have 12/104 hp.
You feel yourself speed up. Baghtru's ghost hits you!
You die...

.. ..........
..........
.........######
..............#
..............#
...........W@.#
.............##
.......<.))...#
.........).[..#
..............#
..............#
..............#
..............#
.|.....#....>##


You could see Baghtru's ghost.

Vanquished Creatures
  The ghost of Ghella the Protected, a novice MiFi of Okawaru (D:9)
  4 two-headed ogres
  2 unseen horrors (D:8)
  The ghost of wilfster70 the Fighter, a novice OpFi of Hepliaklqana (D:7)
  Joseph (D:7)
  A centaur zombie (D:8)
  A catoblepas zombie (D:8)
  The ghost of Autsider the Caller, a novice TeSu of Ashenzari (D:5)
  3 trolls
  Eustachio (D:4)
  A hungry ghost (D:8)
  Menkaure (D:5)
  A water moccasin (D:7)
  A two-headed ogre skeleton (D:10)
  A black bear (D:6)
  2 ice beasts
  4 sky beasts
  An orc warrior (D:10)
  A necrophage (D:10)
  2 phantoms
  3 ogres
  2 centaurs
  A cyclops zombie (D:10)
  7 bullfrogs
  A cyclops skeleton (D:9)
  A wyvern skeleton (D:9)
  5 scorpions
  6 killer bees (D:8)
  8 wights
  2 howler monkeys (D:7)
  3 bullfrog zombies
  5 crimson imps
  3 jellies
  A quasit (D:5)
  4 hounds
  A basilisk zombie (D:10)
  2 bullfrog skeletons
  2 orc wizards (D:10)
  Ijyb (D:4)
  A centaur skeleton (D:4)
  2 iguanas
  6 worker ants
  Terence (D:3)
  A killer bee zombie (D:8)
  A hound zombie (D:10)
  3 hound skeletons
  2 worker ant zombies (D:8)
  7 adders
  An orc skeleton (D:10)
  2 shadow imps
  A white imp (D:4)
  A worm zombie (D:10)
  4 adder skeletons
  4 adder zombies
  3 worms
  A dart slug (D:3)
  A leopard gecko (D:2)
  15 orcs
  8 bats
  4 giant cockroaches
  7 goblins
  4 hobgoblins
  10 jackals
  2 quokkas (D:10)
  4 frilled lizards
  A frilled lizard skeleton (D:10)
  A goblin skeleton (D:10)
  A goblin zombie (D:8)
  A hobgoblin zombie (D:10)
  6 kobolds
  A kobold zombie (D:8)
  3 leopard gecko skeletons
  A leopard gecko zombie (D:6)
  A quokka skeleton (D:6)
  A quokka zombie (D:8)
  7 rats
  A rat skeleton (D:9)
210 creatures vanquished.

Vanquished Creatures (collateral kills)
  A centaur (D:10)
1 creature vanquished.

Grand Total: 211 creatures vanquished

Notes
Turn   | Place    | Note
-------+----------+-------------------------------------------
     0 | D:1      | shakethe the Hill Orc Gladiator began the quest for the Orb.
     0 | D:1      | Reached XP level 1. HP: 18/18 MP: 1/1
   178 | D:1      | Reached XP level 2. HP: 25/25 MP: 2/2
   678 | D:1      | Reached skill level 3 in Fighting
   769 | D:2      | Reached skill level 5 in Axes
   817 | D:2      | Reached XP level 3. HP: 15/31 MP: 3/3
   946 | D:2      | Found a sacrificial altar of Ru.
   981 | D:2      | Found an ornate altar of the Wu Jian Council.
  1109 | D:2      | Found a blossoming altar of Fedhas.
  2073 | D:3      | Noticed Terence
  2082 | D:3      | Killed Terence
  2082 | D:3      | Reached skill level 6 in Axes
  2082 | D:3      | Reached XP level 4. HP: 34/39 MP: 4/4
  2239 | D:4      | Noticed Eustachio
  2291 | D:4      | Killed Eustachio
  2291 | D:4      | Reached skill level 4 in Fighting
  2291 | D:4      | Reached skill level 7 in Axes
  2291 | D:4      | Reached XP level 5. HP: 41/47 MP: 5/5
  2394 | D:4      | Noticed an ogre
  2400 | D:4      | Killed an ogre
  2400 | D:4      | Reached XP level 6. HP: 55/55 MP: 6/6
  2480 | D:4      | Noticed Ijyb
  2502 | D:4      | Killed Ijyb
  2502 | D:4      | Reached skill level 5 in Fighting
  2502 | D:4      | Reached skill level 8 in Axes
  2508 | D:4      | HP: 14/56 [iguana (12)]
  3009 | D:4      | Reached XP level 7. HP: 61/61 MP: 7/7
  3374 | D:5      | Entered Level 5 of the Dungeon
  3481 | D:5      | Reached skill level 9 in Axes
  3504 | D:5      | Noticed Menkaure
  3525 | D:5      | Killed Menkaure
  3525 | D:5      | Reached skill level 6 in Fighting
  3632 | D:5      | Got a pitted hand axe
  3633 | D:5      | Identified the +6 hand axe "Killer Bee's Foe" {drain, Dex+6} (You found it on level 5 of the Dungeon)
  3693 | D:5      | Reached skill level 10 in Axes
  3716 | D:5      | Found a shimmering altar of Xom.
  3717 | D:5      | Found a burning altar of Makhleb.
  3720 | D:5      | Reached XP level 8. HP: 71/71 MP: 8/8
  3820 | D:5      | Noticed Autsider's ghost (novice TeSu)
  3834 | D:5      | Killed Autsider's ghost
  3834 | D:5      | Reached skill level 7 in Fighting
  4243 | D:6      | Reached skill level 11 in Axes
  4270 | D:6      | Reached skill level 1 in Shields
  4358 | D:6      | Reached skill level 2 in Shields
  4685 | D:7      | Reached XP level 9. HP: 75/81 MP: 9/9
  4692 | D:7      | Reached skill level 12 in Axes
  4692 | D:7      | Reached skill level 3 in Shields
  4727 | D:7      | Reached skill level 8 in Fighting
  4731 | D:7      | Noticed wilfster70's ghost (novice OpFi)
  4776 | D:7      | Killed wilfster70's ghost
  4776 | D:7      | Reached skill level 4 in Shields
  4878 | D:7      | Found a white marble altar of Elyvilon.
  4935 | D:7      | Noticed Joseph
  4949 | D:7      | Killed Joseph
  4949 | D:7      | Reached skill level 9 in Fighting
  4949 | D:7      | Reached skill level 13 in Axes
  5251 | D:7      | Found a staircase to the Ecumenical Temple.
  5260 | Temple   | Entered the Ecumenical Temple
  5278 | Temple   | Became a worshipper of Kikubaaqudgha
  5353 | D:7      | Found Yroad's Book Shop.
  5428 | Temple   | Fell from the grace of Kikubaaqudgha
  5428 | Temple   | Became a worshipper of Warmaster Okawaru
  5486 | D:7      | Found a hazy altar of Hepliaklqana.
  5487 | D:7      | Found a hide-covered altar of Uskayaw.
  5615 | D:8      | Noticed a two-headed ogre
  5630 | D:8      | Killed a two-headed ogre
  5630 | D:8      | Reached * piety under Okawaru
  5630 | D:8      | Reached skill level 14 in Axes
  5630 | D:8      | Reached XP level 10. HP: 73/92 MP: 10/10
  5773 | D:8      | HP: 16/92 [something (19)]
  5787 | D:8      | HP: 23/92 [bullfrog zombie[the malice of Kikubaaqudgha] (2)]
  6044 | D:8      | Noticed a two-headed ogre
  6230 | D:9      | Reached skill level 10 in Fighting
  6547 | D:9      | Reached skill level 15 in Axes
  6584 | D:9      | Reached ** piety under Okawaru
  6734 | D:9      | Noticed Ghella's ghost (novice MiFi)
  6797 | D:10     | Entered Level 10 of the Dungeon
  6968 | D:9      | Killed Ghella's ghost
  7136 | D:9      | Found a deep blue altar of Sif Muna.
  7590 | D:9      | Killed a two-headed ogre
  7590 | D:9      | Reached *** piety under Okawaru
  7590 | D:9      | Reached skill level 11 in Fighting
  7590 | D:9      | Reached skill level 16 in Axes
  7681 | D:8      | Killed an unseen horror
  7681 | D:8      | Reached **** piety under Okawaru
  7681 | D:8      | Reached XP level 11. HP: 64/102 MP: 11/11
  7786 | D:8      | Got a fine steel amulet
  7854 | D:8      | Noticed a two-headed ogre
  7866 | D:8      | Killed a two-headed ogre
  7953 | D:8      | Killed an unseen horror
  7953 | D:8      | Reached skill level 3 in Dodging
  8660 | D:10     | Noticed a two-headed ogre
  8667 | D:10     | Killed a two-headed ogre
  8667 | D:10     | Reached skill level 17 in Axes
  8667 | D:10     | Reached skill level 1 in Invocations
  8717 | D:10     | Reached ***** piety under Okawaru
  8727 | D:10     | Identified the amulet of Doalesar {+Rage rF+ Dex+4} (You found it on level 8 of the Dungeon)
  8792 | D:10     | Found a staircase to the Lair.
  8827 | D:10     | Reached skill level 2 in Invocations
  9474 | D:11     | Noticed Baghtru's ghost (journeyman HOFi)
  9500 | D:11     | HP: 19/103 [Baghtru's ghost (12)]
  9502 | D:11     | HP: 1/103 [Baghtru's ghost (20)]
  9508 | D:11     | HP: 12/104 [Baghtru's ghost (4)]
  9511 | D:11     | Slain by Baghtru's ghost

Skill      XL: |  1  2  3  4  5  6  7  8  9 10 11 |
---------------+----------------------------------+-----
Fighting       | 3 4 5 6 7 9 11 | 11.8
Axes           | 5 6 7 8 10 11 14 16 17 | 17.2
Shields        | 2 4 |  4.0
Dodging        | 3 |  3.5
Invocations    | 2 |  2.6
Throwing       | |  1.7

Action                   |  1- 3 |  4- 6 |  7- 9 | 10-12 || total
-------------------------+-------+-------+-------+-------++-------
Melee: War axe           |   105 |    71 |    62 |       ||   238
       Hand axe          |       |       |   190 |   476 ||   666
Throw: Throwing net      |       |     1 |       |       ||     1
Invok: Heroism           |       |       |       |     8 ||     8
       Finesse           |       |       |       |     1 ||     1
Evoke: Wand              |       |       |     1 |     5 ||     6
  Use: Scroll            |     4 |       |     3 |     1 ||     8
       Potion            |       |       |     1 |     5 ||     6
 Stab: Held in net/web   |       |     1 |       |       ||     1
       Sleeping          |       |       |     3 |       ||     3
  Eat: Chunk             |     4 |     2 |     5 |     6 ||    17
       Ration            |       |       |     1 |     3 ||     4
Armor: Leather armour    |    34 |    27 |    78 |    18 ||   157
       Troll leather arm |       |       |       |    76 ||    76
Dodge: Dodged            |    58 |    42 |   138 |   193 ||   431
Block: Buckler           |       |       |    21 |    66 ||    87

Vault maps used:
D:1:      dpeg_arrival_water_fire
D:2:      fedhas_altar_fruit_tree, lemuel_round_altar,
          nicolae_overflow_crystal_walls
D:3:      uniq_terence
D:4:      wad_lake_hut, first_ration, minmay_fire_ice_demons, uniq_ijyb,
          uniq_eustachio
D:5:      grunt_temple_overflow_champion_of_chaos, uniq_menkaure
D:7:      gammafunk_temple_overflow_statue, elyvilon_altar_1,
          minmay_temple_entry_hall, serial_shops, shop_statue,
          grunt_decor_resistance, uniq_joseph
D:9:      basic_altar
D:10:     nicolae_whirlpool, lair_entry_dummy, minivault_16,
          hangedman_little_slice_of_home, grunt_decor_mini_mirrors
D:11:     minmay_orc_entry_temple_small, serial_shops, shop_scrolls
Temple:   jpeg_temple_clearing

Table legend:
 A = Turns spent in this place as a percentage of turns spent in the entire game.
 B = Non-inter-level travel turns spent in this place as a percentage of non-inter-level travel turns spent in the entire game.
 C = Inter-level travel turns spent in this place as a percentage of turns spent in this place.
 D = Turns resting spent in this place as a percentage of non-inter-level travel turns spent in this place.
 E = Turns spent auto-exploring this place as a percentage of non-inter-level travel turns spent in this place.
 F = Non-inter-level travel turns spent in this place divided by the number of levels of this place that you've seen.
                   A       B       C       D       E      F
               +-------+-------+-------+-------+-------+----------------------
         Total | 100.0 | 100.0 |   3.4 |   4.4 |  62.6 | 765.7
       Dungeon |  99.2 |  99.2 |   3.4 |   4.4 |  63.0 | 828.3
        Temple |   0.8 |   0.8 |   0.0 |   0.0 |  24.7 |  77.0
               +-------+-------+-------+-------+-------+----------------------

Table legend:
 A = Kills in this place as a percentage of kills in entire the game.
 B = Kills by you in this place as a percentage of kills by you in the entire game.
 C = Kills by friends in this place as a percentage of kills by friends in the entire game.
 D = Other kills in this place as a percentage of other kills in the entire game.
 E = Experience gained in this place as a percentage of experience gained in the entire game.
 F = Experience gained in this place divided by the number of levels of this place that you have seen.
                   A       B       C       D       E      F
               +-------+-------+-------+-------+-------+----------------------
         Total | 100.0 | 100.0 | 100.0 |   N/A | 100.0 | 1223.7
       Dungeon | 100.0 | 100.0 | 100.0 |   N/A | 100.0 | 1334.9
               +-------+-------+-------+-------+-------+----------------------
